Map: Orbital Shipyard

Players

Aan - Winner!

  • Race: Terran Terran
  • League: Diamond

LilDicky

  • Race: Terran Terran
  • League: Diamond

VOD

http://www.twitch.tv/tumescentpie

Description

Time

  • Played on: Dec. 11, 2015, 1:06 p.m.
  • Length: 14:31
Show
View Real Time Build Order
Export as new Build Order

Aan Terran - Winner!

Build Orders: 1/1/1, Cyclone Opening, MMM Bio 

Get SALT Encoding   

  12  0:03  SCV  
  13  0:15  SCV  
  13  0:20  Supply Depot  
  14  0:27  SCV  
  15  0:41  SCV  
  16  0:45  Barracks  
  16  0:50  Refinery  
  16  0:54  SCV  
  17  1:04  Refinery  
  17  1:06  SCV  
  18  1:18  SCV  
  20  1:34  Orbital Command  
  20  1:35  Marine  
  20  1:41  Supply Depot, Factory  
  20  2:00  SCV  
  21  2:04  Marine  
  22  2:14  SCV  
  23  2:22  Supply Depot  
  23  2:25  Factory Tech Lab  
  23  2:26  Starport  
  23  2:34  SCV  
  23  2:35  Marine  
  25  2:46  SCV, Liberator  
  25  2:51  Cyclone  
  28  2:56  Marine  
  28  2:58  Supply Depot, SCV  
  33  3:10  SCV  
  34  3:22  SCV  
  34  3:26  Siege Tank  
  38  3:28  Marine  
  38  3:30  Supply Depot  
  39  3:34  SCV  
  40  3:46  SCV  
  41  3:58  Supply Depot, SCV  
  41  4:00  Command Center  
  42  4:06  Cyclone  
  42  4:07  Liberator  
  45  4:23  SCV  
  49  4:32  Barracks  
  49  4:37  Barracks  
  39  5:16  SCV  
  39  5:19  Barracks Tech Lab  
  40  5:22  Command Center  
  40  5:23  Engineering Bay  
  40  5:27  Orbital Command  
  40  5:32  SCV, Barracks Reactor  
  40  5:34  Barracks Reactor  
  38  5:55  Stimpack  
  38  5:59  Missile Turret  
  38  6:01  SCV x2  
  40  6:04  Starport Reactor  
  40  6:07  Marine  
  40  6:10  Terran Infantry Weapons Level 1, Missile Turret  
  41  6:13  SCV x2  
  41  6:16  Marine x4  
  46  6:26  Marine  
  46  6:28  SCV x2  
  46  6:32  Refinery  
  49  6:35  Marine x4  
  49  6:37  Orbital Command  
  53  6:44  Medivac x2  
  53  6:46  SCV x2  
  59  6:54  Supply Depot  
  59  6:56  Supply Depot  
  59  6:58  SCV x2  
  59  7:00  Marine  
  59  7:01  Marine x3  
  64  7:04  SCV  
  66  7:10  SCV  
  66  7:12  SCV  
  68  7:21  Marine x4  
  68  7:22  Marine  
  73  7:30  Siege Tank  
  73  7:33  Supply Depot  
  73  7:35  Supply Depot  
  76  7:39  Marine  
  76  7:40  Marine x4  
  76  7:42  Barracks  
  76  7:43  Barracks  
  81  7:45  SCV x2  
  83  7:52  Sensor Tower  
  83  7:56  Sensor Tower  
  83  7:57  Supply Depot  
  83  7:58  Marine x3  
  83  7:59  Marine x2  
  83  8:01  Combat Shields  
  73  8:36  Orbital Command  
  73  8:37  Marine x5  
  78  8:48  Medivac x2  
  78  8:52  Barracks Reactor  
  82  8:59  Barracks  
  82  9:00  Barracks  
  82  9:01  Barracks  
  82  9:02  Marine  
  82  9:03  Marine x4  
  82  9:05  Terran Infantry Armor Level 1  
  82  9:08  Barracks Tech Lab  
  87  9:16  SCV x2  
  87  9:17  SCV  
  90  9:24  Refinery  
  80  9:38  Marine x2  
  80  9:39  Marine x3  
  80  9:40  Marine  
  80  9:41  Marauder x2  
  80  9:42  SCV x3  
  93  9:48  Supply Depot  
  93  9:52  Concussive Shells  
  93  9:54  Supply Depot x2  
  93  9:55  Barracks Tech Lab x3  
  93  10:03  Engineering Bay  
  93  10:05  Armory  
  93  10:07  Marine x5  
  93  10:08  Marine x2  
  93  10:09  Marauder  
  102  10:16  Marauder x3  
  108  10:23  Supply Depot  
  108  10:26  SCV x2, Supply Depot, Marauder  
  108  10:27  Supply Depot  
  112  10:29  Supply Depot, Marine x2  
  112  10:30  Marine x4  
  118  10:40  Missile Turret  
  118  10:48  Marine x3  
  118  10:49  Marine x3  
  126  10:50  Marauder x5  
  130  11:05  Missile Turret  
  130  11:09  Missile Turret  
  129  11:26  SCV x2  
  129  11:27  SCV, Terran Infantry Weapons Level 2, Terran Infantry Armor Level 2  
  129  11:28  Marine x4  
  129  11:29  Marine x2  
  129  11:30  Marauder x5  
  148  11:37  Supply Depot, Terran Vehicle And Ship Armor Level 1  
  148  11:39  Supply Depot  
  148  11:51  Marine x2  
  148  11:52  Marine x3  
  148  11:53  Marauder x2, Marine  
  148  11:54  Medivac, Marauder  
  160  11:55  Medivac  
  160  12:00  Starport  
  164  12:05  Starport  
  107  12:40  Marine  
  107  12:41  Marine x5  
  107  12:42  Marauder x4  
  107  12:43  Marauder  
  123  12:45  Medivac x4  
  131  12:59  Marine x3  
  131  13:00  Marine x3  
  137  13:06  Marauder  
  137  13:07  Marauder x4  
  147  13:17  Medivac x3  
  153  13:38  Command Center  
  153  13:53  Marine x6  
  153  13:54  Marauder  
  161  13:56  Marauder  
  161  13:58  Marauder  
  161  14:01  Marauder  
Show
View Real Time Build Order
Export as new Build Order

LilDicky Terran 

Build Orders: Hellion Banshee, Mech 

Get SALT Encoding   

  12  0:01  SCV  
  13  0:13  SCV  
  14  0:17  Supply Depot  
  14  0:30  SCV  
  15  0:36  Refinery  
  15  0:43  SCV  
  15  0:45  Barracks  
  16  0:55  SCV  
  17  1:07  SCV  
  18  1:11  Refinery  
  18  1:19  SCV  
  21  1:33  Supply Depot  
  21  1:34  Orbital Command  
  21  1:39  Reaper  
  20  1:58  Factory  
  20  2:00  SCV  
  21  2:05  Supply Depot  
  21  2:12  SCV  
  22  2:22  Barracks Reactor  
  22  2:24  SCV  
  23  2:36  SCV  
  24  2:48  SCV  
  25  2:54  Starport  
  25  2:58  Supply Depot  
  25  3:00  SCV  
  26  3:09  Hellion  
  28  3:13  SCV  
  28  3:14  Command Center  
  28  3:15  Hellion  
  31  3:26  SCV  
  31  3:30  Supply Depot  
  31  3:32  Hellion  
  33  3:36  Hellion, Starport Tech Lab  
  33  3:38  SCV  
  36  3:53  Hellion  
  38  3:56  SCV  
  38  3:58  Banshee, Hellion  
  44  4:03  Cloaking Field  
  44  4:08  SCV  
  43  4:20  Widow Mine x2  
  47  4:29  Orbital Command  
  47  4:33  SCV  
  48  4:41  Viking  
  40  5:06  Widow Mine x2  
  40  5:09  SCV  
  40  5:10  Banshee  
  44  5:17  SCV  
  44  5:21  SCV  
  46  5:29  SCV  
  46  5:31  Marine  
  48  5:37  Factory  
  48  5:38  Factory  
  48  5:40  SCV  
  48  5:41  Refinery x2  
  49  5:46  Engineering Bay  
  49  5:47  Command Center  
  46  6:03  SCV x2  
  48  6:08  Hellion x2  
  52  6:14  Banshee  
  55  6:20  SCV x2  
  55  6:22  Starport  
  55  6:23  Factory Tech Lab x2  
  57  6:28  Armory  
  57  6:31  Armory  
  57  6:32  SCV  
  58  6:39  Hellion x2  
  63  6:40  SCV  
  63  6:44  SCV  
  64  6:50  Siege Tank  
  64  6:51  Siege Tank  
  70  6:59  SCV, Supply Depot  
  71  7:01  Starport Reactor  
  71  7:09  SCV  
  71  7:11  Banshee, SCV  
  76  7:18  Refinery  
  76  7:21  Widow Mine x2  
  76  7:22  Refinery  
  80  7:23  Siege Tank  
  83  7:31  Missile Turret  
  83  7:37  Missile Turret x2  
  83  7:40  Missile Turret  
  83  7:41  Orbital Command  
  83  7:42  Missile Turret  
  83  7:59  SCV x2  
  83  8:02  Siege Tank x2  
  83  8:03  Hellion  
  93  8:11  Missile Turret  
  93  8:14  SCV  
  93  8:15  SCV  
  93  8:16  Hellion  
  92  8:26  SCV  
  93  8:47  Armory  
  93  8:48  Armory  
  93  8:53  Viking  
  93  8:56  Missile Turret  
  93  9:06  Command Center  
  93  9:08  Hi-Sec Auto Tracking  
  93  9:10  SCV x3, Banshee, Hellion, Viking, Siege Tank, Marine  
  93  9:11  Hellion  
  93  9:17  Supply Depot  
  109  9:21  Siege Tank  
  109  9:22  SCV x2  
  102  9:27  Marine  
  99  9:34  Liberator  
  72  9:41  Hellion x2  
  72  9:43  Siege Tank  
  79  9:46  SCV x2  
  84  9:53  Siege Tank  
  84  9:58  SCV x3  
  90  10:05  Hellion x2  
  94  10:08  Banshee  
  94  10:10  SCV x3  
  100  10:15  Hellion  
  100  10:17  Refinery  
  102  10:22  Terran Vehicle And Ship Armor Level 1, SCV x3  
  102  10:25  Hellion, Terran Vehicle Weapons Level 1  
  107  10:34  SCV x2, Missile Turret  
  107  10:35  Missile Turret  
  109  10:37  Command Center, Siege Tank  
  112  10:58  SCV x2  
  112  11:00  Hellion  
  112  11:01  Siege Tank  
  119  11:09  Siege Tank, Liberator  
  122  11:14  SCV x2  
  122  11:15  Hellion  
  126  11:21  Banshee  
  126  11:22  Hellion  
  130  11:27  SCV  
  130  11:30  Planetary Fortress  
  130  11:31  Supply Depot x2, Liberator  
  132  11:44  Sensor Tower  
  132  11:48  SCV, Siege Tank, Sensor Tower  
  132  11:49  Hellion x2  
  132  11:51  Orbital Command  
  132  11:52  Missile Turret  
  132  11:53  SCV x2  
  145  11:58  Hellion  
  145  12:00  SCV  
  148  12:05  SCV  
  148  12:07  Factory x2  
  149  12:10  Hellion, Siege Tank  
  154  12:20  Siege Tank  
  135  12:34  Hellion x2  
  106  12:40  SCV x2  
  106  12:41  SCV  
  106  12:42  Siege Tank  
  107  12:48  SCV  
  108  12:52  SCV  
  108  12:53  Siege Tank  
  108  12:55  Starport  
  108  12:56  Hellion x2  
  108  12:57  Factory  
  108  12:58  Factory  
  116  13:03  Factory  
  116  13:09  Factory Reactor  
  116  13:10  Factory Reactor  
  116  13:14  Hellion  
  116  13:17  SCV x2  
  116  13:18  Missile Turret  
  120  13:20  Command Center  
  120  13:21  Liberator  
  120  13:22  Liberator  
  120  13:25  Siege Tank  
  123  13:28  Hellion x2  
  123  13:30  SCV x2  
  129  13:35  Siege Tank, Starport Tech Lab  
  129  13:37  Banshee  
  141  13:43  Hellion x2  
  145  13:49  Hellion  
  147  14:09  Missile Turret  
Tags
 
Add a new tag
Caveats
  • Supply blocks, unpowered buildings, or Contaminate may cause inaccurate times.
  • Supply counts are checked every 10 seconds.